 Dungeon Sprint DCSS version 0.30.0-29-ga12c61a403 (webtiles) character file.

Game seed: 16211960967292071921

57808 Groucho the Acrobat (level 14, -6/89 HPs)
             Began as a Spriggan Hunter on June 25, 2023.
             Was the Champion of Qazlal.
             Killed by the air
             ... invoked by a spriggan air mage
              (42 damage)
             ... in the Dungeon (Sprint VII: "The Pits").
             The game lasted 00:25:46 (11474 turns).

Groucho the Acrobat (Spriggan Hunter)              Turns: 11474, Time: 00:25:46

Health: -6/89      AC:  8    Str:  7    XL:     14   Next: 47%
Magic:  26/29      EV: 44    Int: 14    God:    Qazlal [******]
Gold:   41         SH:  8    Dex: 23    Spells: 13/13 levels left

rFire   + . .        c - +8 shortbow
rCold   . . .        (shield currently unavailable)
rNeg    + . .        t - +0 robe {Archmagi}
rPois   .            (helmet restricted)
rElec   .            a - +1 cloak {Will+}
rCorr   .            (gloves unavailable)
SInv    +            (boots unavailable)
Will    +++..        (no amulet)
Stlth   +            m - +3 ring of protection
HPRegen 0.34/turn    C - ring "Tereb" {rF+ rN+ Int+3 Slay+3}
MPRegen 0.21/turn

%: no teleportation, repel missiles, archmagi
@: very quick
A: very small, no large weapons, unfitting armour, see invisible, speed 3
a: Renounce Religion, Upheaval, Elemental Force, Disaster Area


You were in the Dungeon.
You worshipped Qazlal.
Qazlal was exalted by your worship.
You visited 1 branch You collected 41 gold pieces.

Inventory:

Hand Weapons
 c - a +8 shortbow (weapon)
 B - a +3 arbalest
Armour
 a - a +1 cloak of willpower (worn)
 n - +3 storm dragon scales
 t - a +0 robe of the Archmagi (worn)
 x - the +2 hat of the Bear Spirit {Spirit, Bear, *Rage Will++}
   (You found it in the Dungeon)

   Bear:      Going berserk makes the wearer exceptionally tough, and they are
   slowed for a shorter time afterward.
   *Rage:     It berserks you when you make melee attacks (+20% chance).
   Will:      It greatly increases your willpower.
Jewellery
 i - a ring of protection from cold
 m - a +3 ring of protection (left hand)
 u - a ring of protection from fire
 C - the ring "Tereb" (right hand) {rF+ rN+ Int+3 Slay+3}
   (You found it in the Dungeon)

   [ring of positive energy]

   Int:       It affects your intelligence (+3).
   Slay:      It affects your accuracy & damage with ranged weapons and melee
   (+3).
   rF:        It protects you from fire.
   rN:        It protects you from negative energy.
Wands
 s - a wand of acid (9)
 A - a wand of mindburst (6)
 D - a wand of iceblast (7)
Scrolls
 b - 2 scrolls of immolation
 k - 5 scrolls of amnesia
 l - a scroll of butterflies
 v - 4 scrolls of enchant armour
 w - 3 scrolls of fog
 y - 2 scrolls of fear
 z - a scroll of blinking
Potions
 d - 11 potions of curing
 e - 11 potions of heal wounds
 f - a potion of haste
 g - a potion of magic
 h - 4 potions of berserk rage
 j - 2 potions of invisibility
 o - 2 potions of brilliance
 p - 2 potions of resistance
 q - a potion of might
 r - 3 potions of mutation


   Skills:
 + Level 17.3 Fighting
 + Level 20.5 Ranged Weapons
 + Level 8.7 Armour
 + Level 25.4 Dodging
 - Level 1.5 Stealth
 + Level 20.1 Invocations


You had 13 spell levels left.
You didn't know any spells.
Your spell library contained the following spells:

 Spells                   Type           Power      Damage    Failure   Level
 Blink                    Tloc           0%         N/A       41%         2
 Cigotuvi's Dreadful Rot  Necr/Pois/Air  0%         N/A       41%         2
 Petrify                  Tmut/Erth      0%         N/A       96%         4
 Metabolic Englaciation   Hex/Ice        0%         N/A       100%        5
 Conjure Ball Lightning   Conj/Air       0%         3x3d6     100%        6
 Statue Form              Tmut/Erth      0%         N/A       100%        6


Dungeon Overview and Level Annotations

Branches:
Dungeon (1/1)

Altars:
Ashenzari
Cheibriados
Dithmenos
Elyvilon
Fedhas
Gozag
Hepliaklqana
Kikubaaqudgha
Makhleb
Nemelex Xobeh
Okawaru
Qazlal
Ru
Sif Muna
Trog
Uskayaw
Vehumet
Wu Jian
Xom
Yredelemnul
Zin
The Shining One
Jiyva
Lugonu


Innate Abilities, Weirdness & Mutations

You are very small and have problems with some larger weapons.
You are too small for most types of armour.
You have supernaturally acute eyesight. (SInv)
You cover ground extremely quickly. (Speed+++)


Message History

A spriggan air mage comes into view.
You shoot an arrow. The arrow misses the spriggan air mage.
The deep elf high priest utters a dark prayer and points at you.
Your life force is offered up.
The deep elf high priest is healed.
You shoot an arrow.
The arrow hits the deep elf high priest.
The deep elf high priest is almost dead.
You shoot an arrow. The arrow misses the spriggan air mage.
The spriggan air mage waves its arms in wide circles.
The air twists around and strikes you!
You shoot an arrow. The arrow hits the spriggan air mage.
The spriggan air mage is lightly wounded.
You shoot an arrow.
The arrow closely misses the spriggan air mage.
The arrow hits the deep elf high priest.
The deep elf high priest is almost dead.
The deep elf high priest mumbles some strange prayers to its god.
The deep elf high priest begins emitting a brilliant aura!
The spriggan air mage is empowered by the deep elf high priest's aura!
Unknown command.
Fire: c) +8 shortbow
Press: ? - help, Q - select action, (/) - cycle Shift-Dir - straight line, f - deep elf high priest, p - spriggan air mage
Aim: a deep elf high priest, wielding a +0 longbow and wearing a +0 ring mail (almost dead, brilliance aura, 77% to hit)
You shoot an arrow.
The arrow closely misses the spriggan air mage.
The arrow hits the deep elf high priest!
You kill the deep elf high priest!
Qazlal accepts your kill.
The spriggan air mage waves its arms in wide circles.
The air twists around and strikes you!!
Unknown command.
Unknown command.
Aiming: Upheaval
Press: ? - help, Dir - move target Magma suddenly erupts from the ground!
The blast of magma engulfs the spriggan air mage!!
The spriggan air mage is severely wounded.
The spriggan air mage waves its arms in wide circles.
The air twists around and strikes you!!!
You die...

....#....#.....#).#
.)###....####..#).#
............'..#).#
.........####..#..#
...####..#.....#).#
...#..#..#[[#.[#).#
..##..'..#[[#[[#§.#
################°°#
#@○# #≈i°§.#
.†≈≈)#:.## ...)
##÷. ... .)# .# #.:
..: ..:


You could see a spriggan air mage (empowered, repels missiles).

Vanquished Creatures
  A pandemonium lord (D)
  A sphinx (D)
  A death cob (D)
  A rockslime (D)
  A daeva (D)
  Kirke (D)
  2 nagarajas (D)
  A frost giant (D)
  2 deep elf sorcerers (D)
  An angel (D)
  A draconian annihilator (D)
  2 orc warlords (D)
  A white draconian (D)
  An apis (D)
  A deep elf demonologist (D)
  A deep elf annihilator (D)
  A deep elf death mage (D)
  Josephine (D)
  A green death (D)
  A vault guard (D)
  3 deep elf high priests (D)
  3 ogre magi (D)
  A hydra (D)
  2 merfolk avatars (D)
  A two-headed ogre (D)
  A vampire mage (D)
  A death yak (D)
  3 naga warriors (D)
  An orc high priest (D)
  Nergalle (D)
  2 deep elf knights (D)
  A sun demon (D)
  A sea snake (D)
  A cherub (D)
  A skeletal warrior (D)
  A spriggan druid (D)
  2 swamp dragons (D)
  13 orc knights (D)
  4 wizards (D)
  A deep elf zephyrmancer (D)
  A phantasmal warrior (D)
  A necromancer (D)
  A manticore (D)
  5 elephants (D)
  Maurice (D)
  A rust devil (D)
  A guardian serpent (D)
  A black mamba (D)
  A smoke demon (D)
  A demonic crawler (D)
  2 cane toads (D)
  An orange demon (D)
  A molten gargoyle (D)
  A komodo dragon (D)
  A yaktaur (D)
  An unseen horror (D)
  Psyche (D)
  An ice devil (D)
  A guardian mummy (D)
  2 wandering mushrooms (D)
  3 hornets (D)
  A tyrant leech (D)
  3 tarantellas (D)
  7 blink frogs (D)
  A jumping spider (D)
  A flying skull (D)
  2 spriggans (D)
  2 wyverns (D)
  A culicivora (D)
  2 shadows (D)
  5 yaks (D)
  4 wraiths (D)
  A basilisk (D)
  A hog (D)
  2 redbacks (D)
  2 chaos spawn (D)
  A warg (D)
  A water moccasin (D)
  A sky beast (D)
  A black bear (D)
  A wolf (D)
  An ogre (D)
  A centaur (D)
  2 phantoms (D)
  A bullfrog (D)
  A necrophage (D)
  12 wights (D)
  A killer bee (D)
  2 orc priests (D)
  2 iguanas (D)
  A hell rat (D)
  A mummy (D)
  A gnoll (D)
  2 adders (D)
  A river rat (D)
  An ufetubus (D)
  3 orcs (D)
  3 bats (D)
  An endoplasm (D)
  A giant cockroach (D)
  A hobgoblin (D)
  5 jackals (D)
  A quokka (D)
  2 ball pythons (D)
  2 ball python skeletons (D)
  2 ball python zombies (D)
  2 bat simulacra (D)
  A quokka simulacrum (D)
  2 rats (D)
192 creatures vanquished.

Vanquished Creatures (others)
  2 humans (D)
2 creatures vanquished.

Grand Total: 194 creatures vanquished

Notes
Turn   | Place    | Note
-------+----------+-------------------------------------------
     0 | D        | Groucho the Spriggan Hunter began the quest for the Orb.
     0 | D        | Reached XP level 1. HP: 10/10 MP: 2/2
    15 | D        | Reached skill level 3 in Dodging
    20 | D        | Found a bloodstained altar of Trog.
    20 | D        | Found a shimmering blue altar of Sif Muna.
    20 | D        | Found a viscous altar of Jiyva.
    20 | D        | Found a hazy altar of Hepliaklqana.
    20 | D        | Found an opulent altar of Gozag.
    21 | D        | Found a glowing golden altar of the Shining One.
    21 | D        | Found a glowing silver altar of Zin.
    21 | D        | Found a basalt altar of Yredelemnul.
    21 | D        | Found a shimmering altar of Xom.
    21 | D        | Found an ornate altar of the Wu Jian Council.
    21 | D        | Found a sacrificial altar of Ru.
    21 | D        | Found a stormy altar of Qazlal.
    21 | D        | Found an iron altar of Okawaru.
    21 | D        | Found a sparkling altar of Nemelex Xobeh.
    21 | D        | Found a burning altar of Makhleb.
    21 | D        | Found a blossoming altar of Fedhas.
    21 | D        | Found a white marble altar of Elyvilon.
    21 | D        | Found a shadowy altar of Dithmenos.
    21 | D        | Found a snail-covered altar of Cheibriados.
    23 | D        | Found a corrupted altar of Lugonu.
    23 | D        | Found a radiant altar of Vehumet.
    24 | D        | Found an ancient bone altar of Kikubaaqudgha.
    24 | D        | Found a hide-covered altar of Uskayaw.
    24 | D        | Found a broken altar of Ashenzari.
    27 | D        | Became a worshipper of Qazlal Stormbringer
    61 | D        | Reached skill level 1 in Invocations
    80 | D        | Reached * piety under Qazlal
    81 | D        | Reached skill level 4 in Dodging
    81 | D        | Reached XP level 2. HP: 14/16 MP: 2/4
   380 | D        | Noticed an ogre
   385 | D        | Reached ** piety under Qazlal
   412 | D        | Killed an ogre
   413 | D        | Reached skill level 6 in Dodging
   413 | D        | Reached XP level 3. HP: 21/21 MP: 4/7
   413 | D        | Reached XP level 4. HP: 25/25 MP: 4/8
   528 | D        | Reached *** piety under Qazlal
   534 | D        | Noticed a black bear
   568 | D        | Reached skill level 7 in Dodging
   568 | D        | Reached XP level 5. HP: 13/30 MP: 9/9
   740 | D        | Killed a black bear
   740 | D        | Reached **** piety under Qazlal
   741 | D        | Reached skill level 5 in Fighting
   741 | D        | Reached skill level 8 in Dodging
   741 | D        | Reached skill level 5 in Invocations
  1122 | D        | Noticed a wolf
  1122 | D        | Noticed a flying skull
  1122 | D        | Noticed a sky beast
  1124 | D        | Killed a sky beast
  1125 | D        | Reached skill level 9 in Dodging
  1125 | D        | Reached XP level 6. HP: 33/36 MP: 4/12
  1125 | D        | Reached ***** piety under Qazlal
  1127 | D        | Reached skill level 10 in Dodging
  1148 | D        | Killed a flying skull
  1149 | D        | Reached XP level 7. HP: 19/41 MP: 3/13
  1473 | D        | Noticed a spriggan
  1476 | D        | Reached skill level 11 in Dodging
  1476 | D        | Noticed a wizard
  1476 | D        | Killed a spriggan
  1478 | D        | Killed a wizard
  1479 | D        | Reached skill level 10 in Ranged Weapons
  1479 | D        | Reached skill level 12 in Dodging
  1479 | D        | Reached XP level 8. HP: 47/47 MP: 1/16
  2086 | D        | Noticed a guardian mummy
  2086 | D        | Noticed a phantasmal warrior
  2095 | D        | Killed a phantasmal warrior
  2096 | D        | Reached skill level 13 in Dodging
  2096 | D        | Reached skill level 10 in Invocations
  2097 | D        | Killed a guardian mummy
  2098 | D        | Reached XP level 9. HP: 36/52 MP: 8/17
  2466 | D        | Noticed a vampire mage
  2466 | D        | Noticed a demonic crawler
  2469 | D        | Noticed a two-headed ogre
  2475 | D        | Killed a demonic crawler
  2476 | D        | Reached skill level 14 in Dodging
  2496 | D        | Noticed a freezing wraith
  2496 | D        | Noticed a flayed ghost
  2501 | D        | Noticed a phantasmal warrior
  2501 | D        | Killed a two-headed ogre
  2504 | D        | Killed a vampire mage
  2505 | D        | Reached skill level 10 in Fighting
  2505 | D        | Reached skill level 15 in Dodging
  2935 | D        | Noticed a death yak
  2966 | D        | Killed a death yak
  2967 | D        | Reached XP level 10. HP: 46/60 MP: 16/20
  3037 | D        | Noticed a cane toad
  3080 | D        | Killed a cane toad
  3081 | D        | Reached skill level 16 in Dodging
  3278 | D        | Noticed an orc knight
  3281 | D        | Noticed Psyche
  3286 | D        | Reached ****** piety under Qazlal
  3287 | D        | Killed an orc knight
  3288 | D        | Killed Psyche
  3619 | D        | Reached skill level 17 in Dodging
  3634 | D        | Noticed a manticore
  3641 | D        | Killed a manticore
  3648 | D        | Reached XP level 11. HP: 65/65 MP: 3/22
  4257 | D        | Noticed Josephine
  4263 | D        | Killed Josephine
  4955 | D        | Noticed a deep elf zephyrmancer
  4956 | D        | Killed a necromancer
  4957 | D        | Reached skill level 18 in Dodging
  4958 | D        | Noticed Maurice
  4969 | D        | Killed Maurice
  4970 | D        | Killed a deep elf zephyrmancer
  6032 | D        | Got the ring "Tereb" {rF+ rN+ Int+3 Slay+3}
  6093 | D        | Reached skill level 15 in Ranged Weapons
  6164 | D        | Reached skill level 19 in Dodging
  6185 | D        | Noticed a sea snake
  6203 | D        | Killed a sea snake
  6204 | D        | Reached skill level 15 in Invocations
  6524 | D        | Noticed a spriggan rider
  6533 | D        | Killed a spriggan rider
  6881 | D        | Noticed a sun demon
  6881 | D        | Noticed an orc knight
  6881 | D        | Noticed an orc knight
  6912 | D        | Killed a sun demon
  6957 | D        | Killed an orc knight
  6958 | D        | Reached XP level 12. HP: 66/73 MP: 17/24
  6990 | D        | Noticed an orc warlord
  6999 | D        | Reached skill level 20 in Dodging
  7035 | D        | Killed an orc warlord
  7273 | D        | Noticed a naga warrior
  7305 | D        | Killed a naga warrior
  7508 | D        | Noticed a naga warrior
  7513 | D        | Killed a naga warrior
  7525 | D        | Reached skill level 21 in Dodging
  7806 | D        | Noticed a deep elf annihilator
  7806 | D        | Noticed a naga warrior
  7816 | D        | Killed a deep elf annihilator
  7819 | D        | Killed a naga warrior
  7827 | D        | Noticed an orc warlord
  7883 | D        | Killed an orc warlord
  7884 | D        | Reached skill level 22 in Dodging
  8376 | D        | Found the +15 Maxwell's patent armour {-Cast -Tele rElec
                  | Will+ rCorr}
  8426 | D        | Noticed a vault guard
  8432 | D        | Killed a vault guard
  8433 | D        | Reached skill level 1 in Armour
  8433 | D        | Reached XP level 13. HP: 79/79 MP: 19/26
  8808 | D        | Noticed an apis
  8808 | D        | Noticed a daeva
  8810 | D        | Reached skill level 15 in Fighting
  8812 | D        | Killed an apis
  8815 | D        | Killed a daeva
  9316 | D        | Noticed a death cob
  9325 | D        | Reached skill level 23 in Dodging
  9327 | D        | Noticed a frost giant
  9330 | D        | Identified the +5 trident of Egufeff {freeze, *Noise rPois
                  | rC+++ Will-}
  9330 | D        | Noticed Kirke
  9338 | D        | HP: 2/81 [death cob (22)]
  9341 | D        | Killed a death cob
  9341 | D        | Killed a frost giant
  9345 | D        | Killed Kirke
  9346 | D        | Reached skill level 5 in Armour
  9469 | D        | Noticed an angel
  9543 | D        | Killed an angel
  9943 | D        | Identified the +6 great mace of the Past {flame, Fly Str-3
                  | Int+4 Dex+2}
  9943 | D        | Noticed Nergalle
  9958 | D        | Killed Nergalle
  9970 | D        | Found the +2 hat of the Bear Spirit {Spirit, Bear, *Rage
                  | Will++}
  9998 | D        | Got the Discursus on Coordinates and Nephomancy
 10368 | D        | Noticed a rockslime
 10436 | D        | Killed a rockslime
 10437 | D        | Reached skill level 24 in Dodging
 10502 | D        | Noticed a green death
 10512 | D        | Killed a green death
 10517 | D        | Noticed Rezoas Bidu the pandemonium lord
 10534 | D        | Killed Rezoas Bidu the pandemonium lord
 11077 | D        | Reached XP level 14. HP: 88/88 MP: 24/28
 11077 | D        | Noticed a sphinx
 11087 | D        | Killed a sphinx
 11090 | D        | Noticed a nagaraja
 11113 | D        | Killed a nagaraja
 11117 | D        | Noticed a deep elf sorcerer
 11122 | D        | Noticed a nagaraja
 11123 | D        | Killed a deep elf sorcerer
 11133 | D        | Killed a nagaraja
 11134 | D        | Reached skill level 25 in Dodging
 11300 | D        | Noticed a Hell Sentinel
 11349 | D        | Noticed a yellow draconian annihilator
 11359 | D        | Killed a yellow draconian annihilator
 11427 | D        | Noticed a deep elf sorcerer
 11434 | D        | Killed a deep elf sorcerer
 11474 | D        | Killed from afar by a spriggan air mage

Illustrated notes

Levels and vault maps discovered:
D:        pitsprint [storerooms_1, entrance_room_1, metal_vault_1, armoury_1,
          mini_pit_1, grid_room_1, main_hall_1, silver_pit, the_coven_3,
          the_vestibule_1, steel_vault_3, golden_pit, hallway_of_sentries,
          crystal_vault_2, iron_vault_5, final_vault]

Skill      XL: |  1  2  3  4  5  6  7  8  9 10 11 12 13 14 |
---------------+-------------------------------------------+-----
Dodging        | 4 6 7 9 10 12 13 15 17 19 22 24 25 | 25.4
Invocations    | 2 4 6 7 9 10 12 13 15 17 19 20 | 20.1
Fighting       | 2 4 5 6 8 10 11 13 14 16 17 | 17.3
Ranged Weapons | 6 7 9 10 11 12 14 16 17 19 20 | 20.5
Armour         | 1 6 8 |  8.7
Stealth        | |  1.5

Action                     |  1- 3 |  4- 6 |  7- 9 | 10-12 | 13-15 || total
---------------------------+-------+-------+-------+-------+-------++-------
   Fire: Shortbow          |    22 |    56 |    29 |   222 |   233 ||   562
         Arbalest          |       |       |       |    77 |       ||    77
 Invoke: Upheaval          |       |     3 |    16 |    44 |    52 ||   115
         Disaster Area     |       |       |       |     1 |       ||     1
    Use: Potion            |       |       |     2 |     1 |     5 ||     8
         Scroll            |       |       |     1 |       |     3 ||     4
 Armour: Robe              |     1 |       |     1 |     4 |     7 ||    13
  Dodge: Dodged            |     9 |    15 |    22 |    81 |   130 ||   257
         Repelled          |       |       |       |     1 |     3 ||     4
  Block: Other             |       |     3 |     3 |    29 |    45 ||    80
